 Dungeon Crawl Stone Soup version 0.29-a0-1033-gb6c65ffae6 (webtiles) character file.

Game seed: 12649189695415558111

2 hikkokomori the Caller (level 1, 0/14 HPs)
             Began as a Meteoran Summoner on Aug 14, 2022.
             Slain by an adder (1 damage)
             ... on level 2 of the Dungeon.
             The game lasted 00:02:05 (200 turns).

hikkokomori the Caller (Meteoran Summoner)           Turns: 200, Time: 00:02:05

Health: 0/14       AC:  2    Str:  9    XL:     1   Next: 57%
Magic:  3/5        EV: 12    Int: 16    God:
Gold:   35         SH:  0    Dex: 14    Spells: 4/5 levels left

rFire   . . .      SeeInvis .   c - +0 club
rCold   + . .      Faith    .   (no shield)
rNeg    . . .      Spirit   .   a - +0 robe
rPois   .          Reflect  .   (no helmet)
rElec   .          Harm     .   (no cloak)
rCorr   .          Rampage  .   (no gloves)
Will    .....                   (no boots)
Stlth   +.........              (no amulet)
HPRegen 0.04/turn               e - ring of protection from cold
MPRegen 0.09/turn               (no ring)

@: lethally poisoned (0 -> -5), glowing
A: sense surroundings 1, otherworldly, glowing, explore regen
a: no special abilities


You were on level 2 of the Dungeon.
You visited 1 branch of the dungeon, and saw 2 of its levels.

You collected 35 gold pieces.

Inventory:

Hand Weapons
 c - a +0 club (weapon)
Missiles
 d - 7 stones
Armour
 a - a +0 robe (worn)
Jewellery
 e - a ring of protection from cold (left hand)
Potions
 b - a potion of magic


   Skills:
 + Level 0.2 Fighting
 + Level 2.5 Dodging
 - Level 1.4 Stealth
 + Level 2.7 Spellcasting
 + Level 4.8 Summonings


You had 4 spell levels left.
You knew the following spells:

 Your Spells              Type           Power      Damage    Failure   Level
a - Summon Small Mammal   Summ           68%        N/A       2%          1

Your spell library contained the following spells:

 Spells                   Type           Power      Damage    Failure   Level
 Call Imp                 Summ           17%        N/A       4%          2
 Call Canine Familiar     Summ           17%        N/A       8%          3
 Summon Guardian Golem    Hex/Summ       10%        N/A       22%         3
 Ignite Poison            Fire/Tmut/Pois 2%         N/A       50%         3
 Mephitic Cloud           Conj/Pois/Air  2%         N/A       50%         3
 Summon Lightning Spire   Summ/Air       10%        N/A       56%         4
 Leda's Liquefaction      Hex/Erth       1%         N/A       88%         4
 Freezing Cloud           Conj/Ice/Air   1%         6-21      99%         5
 Lee's Rapid Deconstruct  Erth           1%         3d5*      99%         5
 Statue Form              Tmut/Erth      1%         N/A       100%        6


Dungeon Overview and Level Annotations

Branches:
Dungeon (2/15) Zot: 998

Altars:


Innate Abilities, Weirdness & Mutations

You passively map a small area around you.
You are easily found by Zot.
You glow in the dark.
You regain HP and MP as you explore.


Message History

Your rat bites the goblin.
The goblin dies!
Unknown command.
You see here a +0 club.
An adder comes into view.
You see here a book of the Earth.
You pick up a book of the Earth and begin reading...
You add the spells Leda's Liquefaction, Lee's Rapid Deconstruction and Statue Form to your library.
Your rat bites the adder but does no damage.
Your rat closely misses the adder.
Casting: Summon Small Mammal (safe; 2% risk of failure)
Confirm with . or Enter, or press ? or * to list all spells.
The adder bites you.
You are poisoned.
The adder poisons you!
Unknown command.
Unknown command.
Casting: Summon Small Mammal (safe; 2% risk of failure)
Confirm with . or Enter, or press ? or * to list all spells.
You feel sick.
Your rat disappears in a puff of smoke!
Your bat hits the adder but does no damage.
The adder bites you.
You are lethally poisoned!
The adder poisons you!
Your bat misses the adder. The adder bites you.
* * * LOW HITPOINT WARNING * * *
Your bat misses the adder.
Casting: Summon Small Mammal (safe; 2% risk of failure)
Confirm with . or Enter, or press ? or * to list all spells.
Okay, then.
Okay, then.
You closely miss the adder.
* * * LOW HITPOINT WARNING * * *
You feel sick.
Your bat misses the adder.
Your bat barely misses the adder.
The adder barely misses you.
Unknown command.
* * * LOW HITPOINT WARNING * * *
You feel sick.
Your bat hits the adder.
Your rat barely misses the adder.
The adder bites you.
You die...

,* * * * * * #.#
######### #.#
#.......#### #.#
#..........# #.#
#..r@......# #.#
#...S......# #.#
#.......)..######.###
#.............†......
#.......b......#.....#
#.###.#.######.##...##
#. #.#.# #.###.## #
#.#.# #.# #.# #....
*#.# #.#


You could see an adder (ally target), a friendly bat (summoned) and a friendly
rat (summoned).

Vanquished Creatures
  A frilled lizard (D:2)
  A goblin (D:1)
2 creatures vanquished.

Vanquished Creatures (collateral kills)
  A goblin (D:2)
1 creature vanquished.

Grand Total: 3 creatures vanquished

Notes
Turn   | Place    | Note
-------+----------+-------------------------------------------
     0 | D:1      | hikkokomori the Meteoran Summoner began the quest for the
                  | Orb.
     0 | D:1      | Reached XP level 1. HP: 14/14 MP: 5/5
   200 | D:2      | Slain by an adder

Illustrated notes

Levels and vault maps discovered:
D:1:      saegor_arrival_simple_b, layout_basic,
          dilly_ecumenical_altar_fadedgnrine
D:2:      layout_loops_corners, uniq_crazy_yiuf_cottage

Action                   || total
-------------------------++-------
Melee: Club              ||     6
       Unarmed           ||     4
       Punch             ||     1
 Cast: Summon Small Mamm ||     4
  Use: Scroll            ||     1
Armor: Robe              ||     2
Dodge: Dodged            ||     7

Table legend: (Time is in decaauts)
 A = Elapsed time spent in this place.
 B = Non-inter-level travel time spent in this place.
 C = Inter-level travel time spent in this place.
 D = Time resting spent in this place.
 E = Time spent auto-exploring this place.
 F = Levels seen in this place.
 G = Mean time per level.
                   A        B        C        D        E       F      G
               +--------+--------+--------+--------+--------+-----+--------+
         Total |    200 |    200 |      0 |      0 |     26 |   2 |  100.0 |
       Dungeon |    200 |    200 |      0 |      0 |     26 |   2 |  100.0 |
               +--------+--------+--------+--------+--------+-----+--------+

Top non-repeatable levels by time:
     D:1: 128 daAuts
     D:2: 72 daAuts
